 Dungeon Crawl Stone Soup version 0.21-a0-582-g1b93aee (webtiles) character file.

4565 Amnesiac the Slinger (level 10, -1/66 HPs)
             Began as a Halfling Fighter on Dec 19, 2017.
             Was a Priest of Okawaru.
             Slain by a yak (4 damage)
             ... on level 9 of the Dungeon.
             The game lasted 00:15:05 (8520 turns).

Amnesiac the Slinger (Halfling Fighter)             Turns: 8520, Time: 00:15:06

Health: -1/66      AC: 12    Str: 20    XL:     10   Next: 67%
Magic:  12/12      EV:  9    Int:  6    God:    Okawaru [***...]
Gold:   128        SH: 11    Dex: 15    Spells: 8/9 levels left

rFire    + . .     SeeInvis .   a - +0 hunting sling
rCold    + . .     Gourm    .   c - +0 shield
rNeg     . . .     Faith    .   r - +0 plate armour
rPois    .         Spirit   .   (no helmet)
rElec    .         Reflect  .   y - scarf {rC+ rF+}
rCorr    .         Harm     .   (no gloves)
MR       .....                  (no boots)
Stlth    ..........             (no amulet)
HPRegen  0.21/turn              (no ring)
MPRegen  0.13/turn              (no ring)

@: no status effects
A: small, mutation resistance 1
a: Heroism, Renounce Religion


You were on level 9 of the Dungeon.
You worshipped Okawaru.
Okawaru was most pleased with you.
You were hungry.

You visited 2 branches of the dungeon, and saw 10 of its levels.

You collected 310 gold pieces.
You spent 182 gold pieces at shops.

Inventory:

Hand Weapons
 a - a +0 hunting sling (weapon)
 b - a +0 blowgun
 g - a +2 whip of freezing
 B - a +0 rapier
Missiles
 h - 26 sling bullets
 l - 11 tomahawks
 n - 86 stones (quivered)
 t - 6 tomahawks of returning
 z - 30 poisoned needles
 F - a throwing net
Armour
 c - a +0 shield (worn)
 p - a scarf of spirit shield
 r - a +0 plate armour (worn)
 y - a scarf of resistance (worn)
 H - a +0 buckler
Wands
 G - a wand of paralysis (7)
 I - a wand of enslavement (1)
Scrolls
 i - 15 scrolls of identify {!r}
 j - 3 scrolls of teleportation {!r}
 k - 2 scrolls of enchant weapon {!r}
 o - 5 scrolls of remove curse {!r}
 q - 3 scrolls of immolation {!r}
 s - a scroll of brand weapon {!r, unknown}
 u - 2 scrolls of blinking {!r, unknown}
 A - 2 scrolls of fear {!r, unknown}
 C - 2 scrolls of noise {!r, unknown}
 J - a scroll of silence {!r, unknown}
 K - a scroll of fog {!r, unknown}
 L - a scroll of magic mapping {!r}
 M - a scroll of amnesia {!r, unknown}
Potions
 d - 3 potions of might {!q}
 e - a potion of haste {!q}
 v - a potion of agility {!q, unknown}
 w - a potion of heal wounds {!q, unknown}
 x - a potion of brilliance {!q}
 D - a potion of flight {!q, unknown}
 N - a potion of magic {!q, unknown}
 O - a potion of curing {!q}
Books
 E - a book of Cantrips

   Spells                             Type                      Level
   a - Confusing Touch                Hexes                        1
   b - Animate Skeleton               Necromancy                   1
   c - Summon Small Mammal            Summoning                    1
   d - Apportation                    Translocation                1
Comestibles
 f - 20 rations
 m - 4 chunks of flesh


   Skills:
 * Level 5.2 Fighting
 - Level 2.4 Short Blades
 + Level 13.0 Slings
 * Level 6.4 Armour
 * Level 6.4 Dodging
 * Level 6.3 Shields
 + Level 3.3 Invocations
 + Level 2.8 Evocations


You had 8 spell levels left.
You knew the following spells:

 Your Spells              Type           Power        Failure   Level  Hunger
a - Apportation           Tloc           #.....       100%        1    ##.....


Dungeon Overview and Level Annotations

Branches:
Dungeon (9/15)             Temple (1/1) D:6
   Lair: D:8-11         Orc: D:9-12

Altars:
Ashenzari
Cheibriados
Dithmenos
Elyvilon
Fedhas
Gozag
Hepliaklqana
Kikubaaqudgha
Makhleb
Nemelex Xobeh
Okawaru
Qazlal
Ru
Sif Muna
Trog
Uskayaw
Vehumet
Wu Jian
Xom
Yredelemnul
Zin
The Shining One

Shops:
D:4 !(?   D:5 }   D:6 =


Innate Abilities, Weirdness & Mutations

You are small and have problems with some larger weapons.
You are somewhat resistant to further mutation.


Message History

Press: ? - help, Shift-Dir - straight line, f/p - yak
Aim: a yak (severely wounded)
You shoot a stone. The stone barely misses the yak.
The stone closely misses the yak.
The stone hits the yak!
The yak is moderately wounded.
Firing (i - inventory. (,) - cycle):
n - 95 stones (quivered)
Press: ? - help, Shift-Dir - straight line, f/p - yak
Aim: a yak (severely wounded)
You shoot a stone. The stone hits the yak!
You kill the yak!
Okawaru accepts your kill.
Your Slings skill increases to level 13!
Firing (i - inventory. (,) - cycle):
n - 94 stones (quivered)
Press: ? - help, Shift-Dir - straight line, f - yak
Aim: a yak (lightly wounded)
You shoot a stone. The stone barely misses the yak.
The stone hits the yak but does no damage.
The yak is moderately wounded.
Firing (i - inventory. (,) - cycle):
n - 93 stones (quivered)
Press: ? - help, Shift-Dir - straight line, f/p - yak
Aim: a yak (lightly wounded)
You shoot a stone. The stone barely misses the yak.
The stone hits the yak.
The yak is moderately wounded.
The yak barely misses you.
Firing (i - inventory. (,) - cycle):
n - 92 stones (quivered)
Press: ? - help, Shift-Dir - straight line, f/p - yak
Aim: a yak (lightly wounded)
You shoot a stone. The stone hits the yak.
The yak is lightly wounded.
The yak gores you.
* * * LOW HITPOINT WARNING * * *
Firing (i - inventory. (,) - cycle):
n - 91 stones (quivered)
Press: ? - help, Shift-Dir - straight line, f/p - yak
Aim: a yak (lightly wounded)
You shoot a stone. The stone barely misses the yak.
The stone hits the yak.
The yak is heavily wounded.
Firing (i - inventory. (,) - cycle):
n - 90 stones (quivered)
Press: ? - help, Shift-Dir - straight line, f/p - yak
Aim: a yak (lightly wounded)
You shoot a stone.
The stone hits the yak but does no damage.
The yak is lightly wounded.
You block the yak's attack.
Firing (i - inventory. (,) - cycle):
n - 89 stones (quivered)
Press: ? - help, Shift-Dir - straight line, f/p - yak
Aim: a yak (lightly wounded)
You shoot a stone. The stone barely misses the yak.
The stone hits the yak!
The yak is severely wounded.
The yak gores you!
* * * LOW HITPOINT WARNING * * *
Firing (i - inventory. (,) - cycle):
n - 88 stones (quivered)
Press: ? - help, Shift-Dir - straight line, f/p - yak
Aim: a yak (lightly wounded)
You shoot a stone. The stone hits the yak.
The yak is moderately wounded.
The yak gores you.
* * * LOW HITPOINT WARNING * * *
Firing (i - inventory. (,) - cycle):
n - 87 stones (quivered)
Press: ? - help, Shift-Dir - straight line, f/p - yak
Aim: a yak (moderately wounded)
You shoot a stone. The stone barely misses the yak.
The stone hits the yak.
The yak is severely wounded.
The yak gores you.
You die...

...>.#.#.##.# #.....##.# .#
###.####.# .# #.# #.# .# ..#
######.# #.# .# .# #Y #.#
#......# #.# .# .# #Y #.#
#.###### ##.##.### .# #. #.# #(#
#..)#.... .# #Y##.# #@# #.###.#
.# #Y##.# #Y# #. #.# .# #(##.#
#Y# #.###.# .######.##.#####.#
#...## ........(..((((..# ##.##
#.#####...############## #.# #.#
#.................###.######
#.#####.#.############...........
...........................######


You could see 2 yaks.

Vanquished Creatures
  A two-headed ogre (D:6)
  The ghost of mopl the Stinger, a novice GnWn of Ru (D:7)
  3 orc warriors (D:7)
  3 yaks (D:9)
  2 hungry ghosts (D:7)
  4 ice beasts
  A black bear (D:9)
  3 ogres
  A phantom (D:4)
  A big kobold (D:9)
  4 bullfrogs
  Blork the orc (D:4)
  2 water moccasin zombies (D:7)
  2 scorpions
  2 howler monkeys
  2 crimson imps
  4 orc priests
  2 hounds
  Crazy Yiuf (D:6)
  Ijyb (D:5)
  3 orc wizards
  2 worker ants (D:5)
  A killer bee zombie (D:6)
  A hound skeleton (D:6)
  9 gnolls
  10 adders
  An ooze (D:4)
  5 adder skeletons
  An adder zombie (D:7)
  2 worms
  7 leopard geckos
  28 orcs
  7 bats
  7 giant cockroaches
  2 hobgoblins
  12 jackals
  9 kobolds
  2 quokkas
  2 frilled lizards
  11 goblins
  A leopard gecko skeleton (D:7)
  8 rats
172 creatures vanquished.

Vanquished Creatures (collateral kills)
  An orc warrior (D:6)
  2 orc priests (D:7)
  An orc (D:6)
4 creatures vanquished.

Grand Total: 176 creatures vanquished

Notes
Turn   | Place    | Note
-------+----------+-------------------------------------------
     0 | D:1      | Amnesiac the Halfling Fighter began the quest for the Orb.
     0 | D:1      | Reached XP level 1. HP: 15/15 MP: 1/1
   109 | D:1      | Reached skill level 1 in Dodging
   203 | D:1      | Reached XP level 2. HP: 16/20 MP: 2/2
   428 | D:1      | Reached skill level 1 in Slings
   792 | D:1      | Reached XP level 3. HP: 25/25 MP: 3/3
   824 | D:1      | Reached skill level 2 in Slings
  1666 | D:3      | Reached skill level 3 in Slings
  1666 | D:3      | Reached XP level 4. HP: 30/30 MP: 4/4
  1791 | D:3      | Reached skill level 4 in Slings
  1791 | D:3      | Reached XP level 5. HP: 35/35 MP: 5/5
  1828 | D:3      | Reached skill level 5 in Slings
  2545 | D:3      | Reached XP level 6. HP: 33/41 MP: 6/6
  2629 | D:3      | Reached skill level 6 in Slings
  2964 | D:4      | Found a burning altar of Makhleb.
  2988 | D:4      | Found Janwoum's Magic Scroll Emporium.
  3031 | D:4      | Noticed Blork the orc
  3034 | D:4      | Reached skill level 7 in Slings
  3049 | D:4      | Killed Blork the orc
  3049 | D:4      | Reached skill level 8 in Slings
  3128 | D:4      | Reached XP level 7. HP: 45/45 MP: 7/7
  3181 | D:4      | Found a bloodstained altar of Trog.
  3335 | D:4      | Reached skill level 9 in Slings
  3489 | D:4      | Found Hunir's Weapon Emporium.
  3523 | D:4      | Reached skill level 10 in Slings
  3764 | D:4      | Found Eppoifah's Distillery.
  3995 | D:5      | Entered Level 5 of the Dungeon
  4053 | D:5      | Reached XP level 8. HP: 46/51 MP: 8/8
  4148 | D:5      | Noticed Ijyb
  4155 | D:5      | Killed Ijyb
  4208 | D:5      | Reached skill level 11 in Slings
  4462 | D:5      | Found Gufucw's Gadget Shoppe.
  4663 | D:6      | Found a runed door.
  4687 | D:6      | Reached skill level 12 in Slings
  4774 | D:6      | Found a blossoming altar of Fedhas.
  4774 | D:6      | Found an ancient bone altar of Kikubaaqudgha.
  5028 | D:6      | Noticed a two-headed ogre
  5080 | D:4      | Bought a scroll of enchant weapon for 105 gold pieces
  5080 | D:4      | Bought a scroll of magic mapping for 49 gold pieces
  5080 | D:4      | Bought a scroll of identify for 28 gold pieces
  5232 | D:6      | Found Dydwun's Jewellery Emporium.
  5277 | D:6      | Found a staircase to the Ecumenical Temple.
  5369 | Temple   | Entered the Ecumenical Temple
  5523 | Temple   | Became a worshipper of Warmaster Okawaru
  5526 | Temple   | Learned a level 1 spell: Apportation
  5557 | D:6      | Killed a two-headed ogre
  5557 | D:6      | Reached * piety under Okawaru
  5557 | D:6      | Reached skill level 1 in Invocations
  5557 | D:6      | Reached skill level 1 in Evocations
  5557 | D:6      | Reached XP level 9. HP: 58/58 MP: 8/10
  5868 | D:6      | Noticed Crazy Yiuf
  5875 | D:6      | Killed Crazy Yiuf
  5947 | D:7      | Noticed mopl's ghost (novice GnWn)
  6025 | D:7      | HP: 2/58 [mopl's ghost (9)]
  6065 | D:7      | Reached ** piety under Okawaru
  6074 | D:7      | Killed mopl's ghost
  6074 | D:7      | Reached skill level 5 in Armour
  6074 | D:7      | Reached skill level 5 in Dodging
  6074 | D:7      | Reached skill level 5 in Shields
  6307 | D:7      | Reached XP level 10. HP: 65/65 MP: 11/11
  6316 | D:7      | Found a shimmering altar of Xom.
  6627 | D:7      | Reached *** piety under Okawaru
  6733 | D:7      | Found the +3 giant club "Skullcrusher" {speed, Str+7}
  7575 | D:7      | Reached skill level 5 in Fighting
  7754 | D:7      | Received a gift from Okawaru
  8075 | D:8      | Found a sparkling altar of Nemelex Xobeh.
  8273 | D:8      | Found an ornate altar of the Wu Jian Council.
  8278 | D:8      | Found a glowing golden altar of the Shining One.
  8508 | D:9      | Reached skill level 13 in Slings
  8515 | D:9      | HP: 2/66 [yak (6)]
  8520 | D:9      | Slain by a yak

Vault maps used:
D:1:      grunt_arrival_crossed_arrows
D:2:      first_ration
D:3:      supply_closet_lemuel
D:4:      lemuel_round_altar, lemuel_doored_altar, serial_shops, shop,
          shop_fountains, shop_statue, uniq_blork_the_orc
D:5:      serial_shops, kennysheep_mini, uniq_ijyb
D:6:      grunt_temple_overflow_growth_and_decay, minmay_temple_entry_grid,
          serial_shops, shop, st_stairs_7, lightli_orcish_oven,
          uniq_crazy_yiuf_cottage
D:7:      lemuel_round_altar
D:8:      nicolae_overflow_hidden_temple
D:9:      uniq_maurice
Temple:   eino_temple_lava

Skill      XL: |  1  2  3  4  5  6  7  8  9 10 |
---------------+-------------------------------+-----
Dodging        | 1 2 3 4 5 6 |  6.4
Slings         | 1 3 4 5 8 10 12 13 | 13.0
Fighting       | 3 4 5 |  5.2
Armour         | 4 5 6 |  6.4
Shields        | 4 5 6 |  6.3
Invocations    | 1 2 3 |  3.3
Evocations     | 1 2 |  2.8
Short Blades   | |  2.4

Action                   |  1- 3 |  4- 6 |  7- 9 | 10-12 || total
-------------------------+-------+-------+-------+-------++-------
Melee: Rapier            |    27 |       |       |     5 ||    32
 Fire: Hunting sling     |    95 |   209 |   447 |   378 ||  1129
Evoke: Wand              |       |       |    15 |     5 ||    20
  Use: Scroll            |       |       |     3 |       ||     3
       Potion            |       |       |     5 |       ||     5
 Stab: Paralysed         |       |       |       |     5 ||     5
  Eat: Chunk             |     2 |     5 |     8 |     9 ||    24
Armor: Scale mail        |    37 |    26 |    37 |    15 ||   115
       Plate armour      |       |       |       |    12 ||    12
Dodge: Dodged            |    27 |    29 |    61 |    48 ||   165
Block: Shield            |    38 |    43 |    77 |    68 ||   226

Table legend:
 A = Spawn XP
 B = Non-spawn XP
 C = Spawn XP percentage of total XP
 D = Spawn monster count
 E = Non-spawn monster count
 F = Spawn count percentage of total count
 G = Total turns spent on level
                    A         B        C        D         E        F      G
               +---------+---------+-------+---------+---------+-------+---------
         Total |       0 |    6522 |   0.0 |       0 |     176 |   0.0 |  8520
               +---------+---------+-------+---------+---------+-------+---------
           D:1 |       0 |      37 |   0.0 |       0 |      22 |   0.0 |   956
           D:2 |       0 |      22 |   0.0 |       0 |       7 |   0.0 |   670
           D:3 |       0 |     274 |   0.0 |       0 |      34 |   0.0 |  1291
           D:4 |       0 |     626 |   0.0 |       0 |      32 |   0.0 |  1098
           D:5 |       0 |     432 |   0.0 |       0 |      12 |   0.0 |   665
           D:6 |       0 |    1481 |   0.0 |       0 |      20 |   0.0 |  1064
           D:7 |       0 |    2498 |   0.0 |       0 |      28 |   0.0 |  1902
           D:8 |       0 |     318 |   0.0 |       0 |      11 |   0.0 |   498
           D:9 |       0 |     834 |   0.0 |       0 |      10 |   0.0 |   210
               +---------+---------+-------+---------+---------+-------+---------
